Map: Prion Terraces

Players

FireCake - Winner!

  • Race: Zerg Zerg
  • League: Grandmaster

MyuNgSiK

  • Race: Protoss Protoss

Event: Gauntlet LotV Series 1 Qualifier 2

VOD

Have the link to the VOD?

Description

Time

  • Played on: Dec. 5, 2015, 4:19 p.m.
  • Length: 8:29

All games in this series

Show
View Real Time Build Order
Export as new Build Order

FireCake Zerg - Winner!

Build Orders: Pool First 

Get SALT Encoding   

  12  0:00  Drone  
  13  0:09  Drone  
  14  0:17  Overlord  
  14  0:25  Drone, Extractor  
  15  0:35  Drone x2  
  17  0:44  Spawning Pool  
  17  0:48  Drone  
  17  0:56  Extractor  
  16  1:15  Overlord  
  16  1:17  Drone  
  17  1:30  Queen  
  19  1:33  Spine Crawler  
  19  1:36  Roach Warren  
  19  1:38  Zergling x4  
  19  1:41  Zergling x2  
  20  2:09  Overlord  
  20  2:17  Roach x2  
  20  2:22  Evolution Chamber  
  23  2:26  Roach  
  26  2:31  Evolution Chamber  
  25  2:40  Roach x3  
  30  3:08  Drone x3  
  30  3:11  Hatchery  
  32  3:13  Drone  
  33  3:27  Drone  
  33  3:33  Overlord  
  34  3:37  Drone  
  35  3:47  Drone x2  
  37  3:52  Queen  
  39  3:58  Drone  
  40  4:05  Extractor  
  39  4:14  Drone x3  
  42  4:29  Hatchery  
  41  4:34  Drone x3  
  41  4:35  Drone  
  45  4:40  Drone  
  46  4:51  Lair  
  46  4:53  Drone x3  
  49  5:04  Drone x2  
  51  5:09  Overlord  
  51  5:10  Overlord x2  
  51  5:20  Drone  
  52  5:27  Overlord x2, Queen  
  52  5:28  Drone x2  
  56  5:31  Spore Crawler  
  56  5:34  Spore Crawler  
  54  5:36  Spore Crawler  
  54  5:38  Drone x2  
  54  5:40  Drone  
  56  5:43  Drone  
  57  5:54  Hydralisk Den, Glial Reconstitution  
  56  5:57  Extractor x2  
  56  6:03  Drone x5  
  61  6:04  Drone  
  61  6:14  Overlord  
  61  6:15  Drone  
  61  6:16  Drone x2  
  64  6:21  Drone x3  
  64  6:24  Drone  
  67  6:26  Overlord  
  67  6:28  Hydralisk  
  67  6:35  Hydralisk x4  
  74  6:45  Hydralisk x4  
  82  6:49  Roach  
  82  6:50  Roach  
  86  7:00  Hydralisk x2  
  86  7:01  Roach x2  
  94  7:06  Overlord  
  94  7:10  Overlord x2  
  94  7:14  Roach x3  
  94  7:15  Roach x2  
  104  7:21  Overlord  
  104  7:25  Roach x4  
  112  7:30  Ravager  
  112  7:31  Ravager  
  112  7:32  Ravager  
  112  7:33  Ravager x2  
  112  7:34  Roach  
  112  7:35  Roach  
  121  7:44  Roach x4  
  121  7:45  Roach  
  127  7:56  Roach  
  127  7:57  Roach x4  
  128  8:04  Roach x3  
  126  8:10  Roach  
  132  8:25  Hatchery  
Show
View Real Time Build Order
Export as new Build Order

MyuNgSiK Protoss 

Build Orders:  

Get SALT Encoding   

  12  0:01  Probe (Chrono Boost)  
  13  0:11  Probe (Chrono Boost)  
  14  0:22  Probe (Chrono Boost)  
  15  0:31  Pylon  
  15  0:49  Probe (Chrono Boost), Gateway  
  16  0:51  Gateway  
  16  1:00  Gateway  
  17  1:04  Probe (Chrono Boost)  
  17  1:14  Probe (Chrono Boost), Pylon  
  18  1:20  Assimilator  
  18  1:25  Probe (Chrono Boost)  
  19  1:35  Probe (Chrono Boost)  
  19  1:38  Zealot (Chrono Boost)  
  24  1:41  Zealot (Chrono Boost)  
  24  1:47  Zealot (Chrono Boost)  
  26  1:56  Pylon  
  26  2:02  Cybernetics Core  
  26  2:13  Zealot  
  28  2:16  Zealot  
  28  2:21  Zealot  
  32  2:25  Probe (Chrono Boost)  
  32  2:37  Pylon  
  32  2:39  Mothership Core (Chrono Boost)  
  34  2:47  Pylon  
  34  3:03  Warp Gate (Chrono Boost)  
  34  3:05  Probe  
  35  3:12  Pylon  
  35  3:17  Probe (Chrono Boost)  
  35  3:18  Pylon x2  
  36  3:36  Probe (Chrono Boost)  
  36  3:40  Nexus  
  37  3:46  Probe (Chrono Boost)  
  37  3:47  Assimilator  
  38  3:56  Stargate  
  38  3:59  Probe (Chrono Boost)  
  39  4:09  Probe (Chrono Boost)  
  40  4:10  Pylon  
  40  4:19  Gateway  
  40  4:23  Probe (Chrono Boost)  
  41  4:33  Probe (Chrono Boost)  
  42  4:39  Void Ray (Chrono Boost)  
  46  4:46  Probe  
  46  4:50  Probe  
  46  4:58  Probe  
  47  5:01  Probe  
  48  5:10  Probe  
  48  5:14  Gateway, Probe  
  49  5:15  Gateway  
  49  5:19  Oracle (Chrono Boost)  
  53  5:22  Probe (Chrono Boost)  
  53  5:26  Probe (Chrono Boost)  
  55  5:33  Probe (Chrono Boost)  
  56  5:37  Probe (Chrono Boost)  
  57  5:44  Probe (Chrono Boost), Nexus  
  57  5:48  Pylon  
  58  5:51  Probe (Chrono Boost)  
  58  5:54  Probe (Chrono Boost)  
  60  5:59  Robotics Facility  
  60  6:03  Probe (Chrono Boost)  
  61  6:05  Probe (Chrono Boost)  
  61  6:06  Assimilator  
  61  6:07  Assimilator  
  62  6:13  Probe (Chrono Boost), Pylon  
  62  6:15  Probe (Chrono Boost)  
  64  6:24  Probe (Chrono Boost)  
  65  6:26  Probe (Chrono Boost)  
  66  6:34  Probe (Chrono Boost)  
  66  6:36  Probe (Chrono Boost)  
  68  6:45  Probe (Chrono Boost)  
  69  6:47  Probe (Chrono Boost)  
  69  6:49  Robotics Bay  
  69  6:51  Twilight Council, Forge  
  70  6:54  Sentry x2, Adept  
  70  6:55  Probe (Chrono Boost)  
  70  6:57  Probe (Chrono Boost)  
  70  7:00  Observer (Chrono Boost)  
  79  7:06  Probe  
  79  7:08  Pylon  
  80  7:09  Probe x2  
  80  7:10  Pylon  
  80  7:15  Gateway  
  82  7:16  Gateway  
  82  7:18  Probe  
  82  7:20  Pylon  
  85  7:23  Probe x2  
  87  7:30  Probe  
  87  7:35  Sentry x2  
  87  7:36  Stalker  
  94  7:38  Disruptor (Chrono Boost)  
  94  7:42  Pylon  
  99  7:45  Pylon  
  86  8:04  Stalker x3  
Tags
 
Add a new tag
Caveats
  • Supply blocks, unpowered buildings, or Contaminate may cause inaccurate times.
  • Supply counts are checked every 10 seconds.